Workbook

Sheet Investissements
A1: ID projet | B1: Investisseur | C1: Forme de détention | D1: SIRET | E1: Adresse du bien | F1: Commune | G1: Code postal | H1: Zone éligible | I1: Date d’acquisition | J1: Date d’achèvement des travaux | K1: Type de location | L1: Durée d’engagement | M1: Prix d’acquisition | N1: Frais de notaire | O1: Travaux éligibles | P1: Frais annexes retenus | Q1: Coût total de l’opération | R1: Part des travaux dans l’opération | S1: Plafond de l’investissement retenu | T1: Base fiscale retenue | U1: Taux de réduction | V1: Réduction d’impôt totale | W1: Réduction annuelle moyenne | X1: Loyer mensuel hors charges | Y1: Surface habitable en m² | Z1: Loyer au m² | AA1: Plafond de loyer applicable au m² | AB1: Plafond de ressources du locataire | AC1: Ressources annuelles du locataire | AD1: Éligibilité travaux | AE1: Éligibilité loyer | AF1: Éligibilité ressources | AG1: Éligibilité globale | AH1: Commentaires
A2: PRJ-2026-001 | B2: Camille Durand | C2: Direct | E2: 12 rue de la République, 69002 Lyon | F2: Lyon | G2: 69002 | H2: Oui | I2: 46037 | J2: 46203 | K2: Nue | L2: 9 | M2: 245000 | N2: 18000 | O2: 82000 | P2: 4000 | Q2: =IF(A2="","",SUM(M2:P2)) | R2: =IF(A2="","",IFERROR(O2/Q2,0)) | S2: =IF(A2="","",MIN(Q2,'Calcul & synthèse'!$B$14,Y2*'Calcul & synthèse'!$B$15)) | T2: =IF(A2="","",IF(AG2="Éligible",S2,0)) | U2: =IF(A2="","",IFERROR(VLOOKUP(L2,'Calcul & synthèse'!$B$8:$C$10,2,FALSE),0)) | V2: =IF(A2="","",T2*U2) | W2: =IF(A2="","",IFERROR(V2/L2,0)) | X2: 980 | Y2: 62 | Z2: =IF(A2="","",IFERROR(X2/Y2,0)) | AA2: 16.1 | AB2: 42000 | AC2: 39000 | AD2: =IF(A2="","",IF(R2>='Calcul & synthèse'!$B$13,"Oui","Non")) | AE2: =IF(A2="","",IF(Z2<=AA2,"Oui","Non")) | AF2: =IF(A2="","",IF(AC2<=AB2,"Oui","Non")) | AG2: =IF(A2="","",IF(AND(H2="Oui",AD2="Oui",AE2="Oui",AF2="Oui",K2="Nue"),"Éligible","À vérifier")) | AH2: Travaux insuffisants par rapport au coût total.
A3: PRJ-2026-002 | B3: Julien Moreau | C3: SCI soumise à l’IR | D3: 91234567890123 | E3: 8 rue de l’Alma, 59100 Roubaix | F3: Roubaix | G3: 59100 | H3: Oui | I3: 46056 | J3: 46221 | K3: Nue | L3: 12 | M3: 165000 | N3: 12000 | O3: 61000 | P3: 3000 | Q3: =IF(A3="","",SUM(M3:P3)) | R3: =IF(A3="","",IFERROR(O3/Q3,0)) | S3: =IF(A3="","",MIN(Q3,'Calcul & synthèse'!$B$14,Y3*'Calcul & synthèse'!$B$15)) | T3: =IF(A3="","",IF(AG3="Éligible",S3,0)) | U3: =IF(A3="","",IFERROR(VLOOKUP(L3,'Calcul & synthèse'!$B$8:$C$10,2,FALSE),0)) | V3: =IF(A3="","",T3*U3) | W3: =IF(A3="","",IFERROR(V3/L3,0)) | X3: 620 | Y3: 54 | Z3: =IF(A3="","",IFERROR(X3/Y3,0)) | AA3: 13.2 | AB3: 33000 | AC3: 27000 | AD3: =IF(A3="","",IF(R3>='Calcul & synthèse'!$B$13,"Oui","Non")) | AE3: =IF(A3="","",IF(Z3<=AA3,"Oui","Non")) | AF3: =IF(A3="","",IF(AC3<=AB3,"Oui","Non")) | AG3: =IF(A3="","",IF(AND(H3="Oui",AD3="Oui",AE3="Oui",AF3="Oui",K3="Nue"),"Éligible","À vérifier")) | AH3: Projet conforme aux hypothèses saisies.
A4: PRJ-2026-003 | B4: Sophie Lefèvre | C4: SCI soumise à l’IR | D4: 82345678901234 | E4: 24 cours Gambetta, 33000 Bordeaux | F4: Bordeaux | G4: 33000 | H4: Oui | I4: 46050 | J4: 46246 | K4: Nue | L4: 9 | M4: 310000 | N4: 23000 | O4: 55000 | P4: 4000 | Q4: =IF(A4="","",SUM(M4:P4)) | R4: =IF(A4="","",IFERROR(O4/Q4,0)) | S4: =IF(A4="","",MIN(Q4,'Calcul & synthèse'!$B$14,Y4*'Calcul & synthèse'!$B$15)) | T4: =IF(A4="","",IF(AG4="Éligible",S4,0)) | U4: =IF(A4="","",IFERROR(VLOOKUP(L4,'Calcul & synthèse'!$B$8:$C$10,2,FALSE),0)) | V4: =IF(A4="","",T4*U4) | W4: =IF(A4="","",IFERROR(V4/L4,0)) | X4: 1050 | Y4: 68 | Z4: =IF(A4="","",IFERROR(X4/Y4,0)) | AA4: 15.5 | AB4: 46000 | AC4: 41000 | AD4: =IF(A4="","",IF(R4>='Calcul & synthèse'!$B$13,"Oui","Non")) | AE4: =IF(A4="","",IF(Z4<=AA4,"Oui","Non")) | AF4: =IF(A4="","",IF(AC4<=AB4,"Oui","Non")) | AG4: =IF(A4="","",IF(AND(H4="Oui",AD4="Oui",AE4="Oui",AF4="Oui",K4="Nue"),"Éligible","À vérifier")) | AH4: Coût total élevé et travaux à renforcer.
A5: PRJ-2026-004 | B5: Thomas Bernard | C5: Direct | E5: 5 place de la République, 59000 Lille | F5: Lille | G5: 59000 | H5: Oui | I5: 46091 | J5: 46285 | K5: Nue | L5: 6 | M5: 220000 | N5: 16000 | O5: 72000 | P5: 4000 | Q5: =IF(A5="","",SUM(M5:P5)) | R5: =IF(A5="","",IFERROR(O5/Q5,0)) | S5: =IF(A5="","",MIN(Q5,'Calcul & synthèse'!$B$14,Y5*'Calcul & synthèse'!$B$15)) | T5: =IF(A5="","",IF(AG5="Éligible",S5,0)) | U5: =IF(A5="","",IFERROR(VLOOKUP(L5,'Calcul & synthèse'!$B$8:$C$10,2,FALSE),0)) | V5: =IF(A5="","",T5*U5) | W5: =IF(A5="","",IFERROR(V5/L5,0)) | X5: 890 | Y5: 58 | Z5: =IF(A5="","",IFERROR(X5/Y5,0)) | AA5: 14.2 | AB5: 38000 | AC5: 35000 | AD5: =IF(A5="","",IF(R5>='Calcul & synthèse'!$B$13,"Oui","Non")) | AE5: =IF(A5="","",IF(Z5<=AA5,"Oui","Non")) | AF5: =IF(A5="","",IF(AC5<=AB5,"Oui","Non")) | AG5: =IF(A5="","",IF(AND(H5="Oui",AD5="Oui",AE5="Oui",AF5="Oui",K5="Nue"),"Éligible","À vérifier")) | AH5: Part de travaux inférieure au seuil paramétré.
A6: PRJ-2026-005 | B6: Léa Martin | C6: Direct | E6: 17 rue des Forges, 42000 Saint-Étienne | F6: Saint-Étienne | G6: 42000 | H6: Oui | I6: 46074 | J6: 46234 | K6: Meublée | L6: 9 | M6: 145000 | N6: 11000 | O6: 55000 | P6: 3000 | Q6: =IF(A6="","",SUM(M6:P6)) | R6: =IF(A6="","",IFERROR(O6/Q6,0)) | S6: =IF(A6="","",MIN(Q6,'Calcul & synthèse'!$B$14,Y6*'Calcul & synthèse'!$B$15)) | T6: =IF(A6="","",IF(AG6="Éligible",S6,0)) | U6: =IF(A6="","",IFERROR(VLOOKUP(L6,'Calcul & synthèse'!$B$8:$C$10,2,FALSE),0)) | V6: =IF(A6="","",T6*U6) | W6: =IF(A6="","",IFERROR(V6/L6,0)) | X6: 710 | Y6: 52 | Z6: =IF(A6="","",IFERROR(X6/Y6,0)) | AA6: 12.5 | AB6: 31000 | AC6: 28000 | AD6: =IF(A6="","",IF(R6>='Calcul & synthèse'!$B$13,"Oui","Non")) | AE6: =IF(A6="","",IF(Z6<=AA6,"Oui","Non")) | AF6: =IF(A6="","",IF(AC6<=AB6,"Oui","Non")) | AG6: =IF(A6="","",IF(AND(H6="Oui",AD6="Oui",AE6="Oui",AF6="Oui",K6="Nue"),"Éligible","À vérifier")) | AH6: Location meublée non retenue dans cette estimation.
A7: PRJ-2026-006 | B7: Nicolas Petit | C7: SCI soumise à l’IR | D7: 73456789012345 | E7: 31 rue du Sauvage, 68100 Mulhouse | F7: Mulhouse | G7: 68100 | H7: Oui | I7: 46086 | J7: 46262 | K7: Nue | L7: 9 | M7: 185000 | N7: 13000 | O7: 68000 | P7: 4000 | Q7: =IF(A7="","",SUM(M7:P7)) | R7: =IF(A7="","",IFERROR(O7/Q7,0)) | S7: =IF(A7="","",MIN(Q7,'Calcul & synthèse'!$B$14,Y7*'Calcul & synthèse'!$B$15)) | T7: =IF(A7="","",IF(AG7="Éligible",S7,0)) | U7: =IF(A7="","",IFERROR(VLOOKUP(L7,'Calcul & synthèse'!$B$8:$C$10,2,FALSE),0)) | V7: =IF(A7="","",T7*U7) | W7: =IF(A7="","",IFERROR(V7/L7,0)) | X7: 820 | Y7: 42 | Z7: =IF(A7="","",IFERROR(X7/Y7,0)) | AA7: 15 | AB7: 34000 | AC7: 30000 | AD7: =IF(A7="","",IF(R7>='Calcul & synthèse'!$B$13,"Oui","Non")) | AE7: =IF(A7="","",IF(Z7<=AA7,"Oui","Non")) | AF7: =IF(A7="","",IF(AC7<=AB7,"Oui","Non")) | AG7: =IF(A7="","",IF(AND(H7="Oui",AD7="Oui",AE7="Oui",AF7="Oui",K7="Nue"),"Éligible","À vérifier")) | AH7: Loyer constaté supérieur au plafond renseigné.
A8: PRJ-2026-007 | B8: Émilie Rousseau | C8: Direct | E8: 9 rue Hergé, 16000 Angoulême | F8: Angoulême | G8: 16000 | H8: Oui | I8: 46041 | J8: 46197 | K8: Nue | L8: 6 | M8: 175000 | N8: 13000 | O8: 70000 | P8: 3000 | Q8: =IF(A8="","",SUM(M8:P8)) | R8: =IF(A8="","",IFERROR(O8/Q8,0)) | S8: =IF(A8="","",MIN(Q8,'Calcul & synthèse'!$B$14,Y8*'Calcul & synthèse'!$B$15)) | T8: =IF(A8="","",IF(AG8="Éligible",S8,0)) | U8: =IF(A8="","",IFERROR(VLOOKUP(L8,'Calcul & synthèse'!$B$8:$C$10,2,FALSE),0)) | V8: =IF(A8="","",T8*U8) | W8: =IF(A8="","",IFERROR(V8/L8,0)) | X8: 760 | Y8: 59 | Z8: =IF(A8="","",IFERROR(X8/Y8,0)) | AA8: 12.8 | AB8: 31000 | AC8: 40000 | AD8: =IF(A8="","",IF(R8>='Calcul & synthèse'!$B$13,"Oui","Non")) | AE8: =IF(A8="","",IF(Z8<=AA8,"Oui","Non")) | AF8: =IF(A8="","",IF(AC8<=AB8,"Oui","Non")) | AG8: =IF(A8="","",IF(AND(H8="Oui",AD8="Oui",AE8="Oui",AF8="Oui",K8="Nue"),"Éligible","À vérifier")) | AH8: Ressources locataire supérieures au plafond renseigné.
A9: PRJ-2026-008 | B9: Antoine Garcia | C9: SCI soumise à l’IR | D9: 64567890123456 | E9: 14 rue Haute-Vienne, 87000 Limoges | F9: Limoges | G9: 87000 | H9: Oui | I9: 46067 | J9: 46213 | K9: Nue | L9: 12 | M9: 198000 | N9: 15000 | O9: 72000 | P9: 3000 | Q9: =IF(A9="","",SUM(M9:P9)) | R9: =IF(A9="","",IFERROR(O9/Q9,0)) | S9: =IF(A9="","",MIN(Q9,'Calcul & synthèse'!$B$14,Y9*'Calcul & synthèse'!$B$15)) | T9: =IF(A9="","",IF(AG9="Éligible",S9,0)) | U9: =IF(A9="","",IFERROR(VLOOKUP(L9,'Calcul & synthèse'!$B$8:$C$10,2,FALSE),0)) | V9: =IF(A9="","",T9*U9) | W9: =IF(A9="","",IFERROR(V9/L9,0)) | X9: 740 | Y9: 60 | Z9: =IF(A9="","",IFERROR(X9/Y9,0)) | AA9: 12.7 | AB9: 32000 | AC9: 29000 | AD9: =IF(A9="","",IF(R9>='Calcul & synthèse'!$B$13,"Oui","Non")) | AE9: =IF(A9="","",IF(Z9<=AA9,"Oui","Non")) | AF9: =IF(A9="","",IF(AC9<=AB9,"Oui","Non")) | AG9: =IF(A9="","",IF(AND(H9="Oui",AD9="Oui",AE9="Oui",AF9="Oui",K9="Nue"),"Éligible","À vérifier")) | AH9: Projet conforme aux hypothèses saisies.
A10: PRJ-2026-009 | B10: Claire Fontaine | C10: Direct | E10: 6 quai Southampton, 76600 Le Havre | F10: Le Havre | G10: 76600 | H10: Non | I10: 46099 | J10: 46280 | K10: Nue | L10: 9 | M10: 230000 | N10: 17000 | O10: 75000 | P10: 4000 | Q10: =IF(A10="","",SUM(M10:P10)) | R10: =IF(A10="","",IFERROR(O10/Q10,0)) | S10: =IF(A10="","",MIN(Q10,'Calcul & synthèse'!$B$14,Y10*'Calcul & synthèse'!$B$15)) | T10: =IF(A10="","",IF(AG10="Éligible",S10,0)) | U10: =IF(A10="","",IFERROR(VLOOKUP(L10,'Calcul & synthèse'!$B$8:$C$10,2,FALSE),0)) | V10: =IF(A10="","",T10*U10) | W10: =IF(A10="","",IFERROR(V10/L10,0)) | X10: 930 | Y10: 65 | Z10: =IF(A10="","",IFERROR(X10/Y10,0)) | AA10: 14.6 | AB10: 39000 | AC10: 36000 | AD10: =IF(A10="","",IF(R10>='Calcul & synthèse'!$B$13,"Oui","Non")) | AE10: =IF(A10="","",IF(Z10<=AA10,"Oui","Non")) | AF10: =IF(A10="","",IF(AC10<=AB10,"Oui","Non")) | AG10: =IF(A10="","",IF(AND(H10="Oui",AD10="Oui",AE10="Oui",AF10="Oui",K10="Nue"),"Éligible","À vérifier")) | AH10: Commune à vérifier dans la liste réglementaire applicable.
A11: PRJ-2026-010 | B11: Hugo Mercier | C11: SCI soumise à l’IR | D11: 55678901234567 | E11: 22 boulevard de Strasbourg, 83000 Toulon | F11: Toulon | G11: 83000 | H11: Oui | I11: 46030 | J11: 46239 | K11: Nue | L11: 6 | M11: 280000 | N11: 20000 | O11: 80000 | P11: 5000 | Q11: =IF(A11="","",SUM(M11:P11)) | R11: =IF(A11="","",IFERROR(O11/Q11,0)) | S11: =IF(A11="","",MIN(Q11,'Calcul & synthèse'!$B$14,Y11*'Calcul & synthèse'!$B$15)) | T11: =IF(A11="","",IF(AG11="Éligible",S11,0)) | U11: =IF(A11="","",IFERROR(VLOOKUP(L11,'Calcul & synthèse'!$B$8:$C$10,2,FALSE),0)) | V11: =IF(A11="","",T11*U11) | W11: =IF(A11="","",IFERROR(V11/L11,0)) | X11: 1050 | Y11: 78 | Z11: =IF(A11="","",IFERROR(X11/Y11,0)) | AA11: 15.4 | AB11: 47000 | AC11: 43000 | AD11: =IF(A11="","",IF(R11>='Calcul & synthèse'!$B$13,"Oui","Non")) | AE11: =IF(A11="","",IF(Z11<=AA11,"Oui","Non")) | AF11: =IF(A11="","",IF(AC11<=AB11,"Oui","Non")) | AG11: =IF(A11="","",IF(AND(H11="Oui",AD11="Oui",AE11="Oui",AF11="Oui",K11="Nue"),"Éligible","À vérifier")) | AH11: Coût total supérieur au plafond et travaux insuffisants.
Q12: =IF(A12="","",SUM(M12:P12)) | R12: =IF(A12="","",IFERROR(O12/Q12,0)) | S12: =IF(A12="","",MIN(Q12,'Calcul & synthèse'!$B$14,Y12*'Calcul & synthèse'!$B$15)) | T12: =IF(A12="","",IF(AG12="Éligible",S12,0)) | U12: =IF(A12="","",IFERROR(VLOOKUP(L12,'Calcul & synthèse'!$B$8:$C$10,2,FALSE),0)) | V12: =IF(A12="","",T12*U12) | W12: =IF(A12="","",IFERROR(V12/L12,0)) | Z12: =IF(A12="","",IFERROR(X12/Y12,0)) | AD12: =IF(A12="","",IF(R12>='Calcul & synthèse'!$B$13,"Oui","Non")) | AE12: =IF(A12="","",IF(Z12<=AA12,"Oui","Non")) | AF12: =IF(A12="","",IF(AC12<=AB12,"Oui","Non")) | AG12: =IF(A12="","",IF(AND(H12="Oui",AD12="Oui",AE12="Oui",AF12="Oui",K12="Nue"),"Éligible","À vérifier"))
Q13: =IF(A13="","",SUM(M13:P13)) | R13: =IF(A13="","",IFERROR(O13/Q13,0)) | S13: =IF(A13="","",MIN(Q13,'Calcul & synthèse'!$B$14,Y13*'Calcul & synthèse'!$B$15)) | T13: =IF(A13="","",IF(AG13="Éligible",S13,0)) | U13: =IF(A13="","",IFERROR(VLOOKUP(L13,'Calcul & synthèse'!$B$8:$C$10,2,FALSE),0)) | V13: =IF(A13="","",T13*U13) | W13: =IF(A13="","",IFERROR(V13/L13,0)) | Z13: =IF(A13="","",IFERROR(X13/Y13,0)) | AD13: =IF(A13="","",IF(R13>='Calcul & synthèse'!$B$13,"Oui","Non")) | AE13: =IF(A13="","",IF(Z13<=AA13,"Oui","Non")) | AF13: =IF(A13="","",IF(AC13<=AB13,"Oui","Non")) | AG13: =IF(A13="","",IF(AND(H13="Oui",AD13="Oui",AE13="Oui",AF13="Oui",K13="Nue"),"Éligible","À vérifier"))
Q14: =IF(A14="","",SUM(M14:P14)) | R14: =IF(A14="","",IFERROR(O14/Q14,0)) | S14: =IF(A14="","",MIN(Q14,'Calcul & synthèse'!$B$14,Y14*'Calcul & synthèse'!$B$15)) | T14: =IF(A14="","",IF(AG14="Éligible",S14,0)) | U14: =IF(A14="","",IFERROR(VLOOKUP(L14,'Calcul & synthèse'!$B$8:$C$10,2,FALSE),0)) | V14: =IF(A14="","",T14*U14) | W14: =IF(A14="","",IFERROR(V14/L14,0)) | Z14: =IF(A14="","",IFERROR(X14/Y14,0)) | AD14: =IF(A14="","",IF(R14>='Calcul & synthèse'!$B$13,"Oui","Non")) | AE14: =IF(A14="","",IF(Z14<=AA14,"Oui","Non")) | AF14: =IF(A14="","",IF(AC14<=AB14,"Oui","Non")) | AG14: =IF(A14="","",IF(AND(H14="Oui",AD14="Oui",AE14="Oui",AF14="Oui",K14="Nue"),"Éligible","À vérifier"))
Q15: =IF(A15="","",SUM(M15:P15)) | R15: =IF(A15="","",IFERROR(O15/Q15,0)) | S15: =IF(A15="","",MIN(Q15,'Calcul & synthèse'!$B$14,Y15*'Calcul & synthèse'!$B$15)) | T15: =IF(A15="","",IF(AG15="Éligible",S15,0)) | U15: =IF(A15="","",IFERROR(VLOOKUP(L15,'Calcul & synthèse'!$B$8:$C$10,2,FALSE),0)) | V15: =IF(A15="","",T15*U15) | W15: =IF(A15="","",IFERROR(V15/L15,0)) | Z15: =IF(A15="","",IFERROR(X15/Y15,0)) | AD15: =IF(A15="","",IF(R15>='Calcul & synthèse'!$B$13,"Oui","Non")) | AE15: =IF(A15="","",IF(Z15<=AA15,"Oui","Non")) | AF15: =IF(A15="","",IF(AC15<=AB15,"Oui","Non")) | AG15: =IF(A15="","",IF(AND(H15="Oui",AD15="Oui",AE15="Oui",AF15="Oui",K15="Nue"),"Éligible","À vérifier"))
Q16: =IF(A16="","",SUM(M16:P16)) | R16: =IF(A16="","",IFERROR(O16/Q16,0)) | S16: =IF(A16="","",MIN(Q16,'Calcul & synthèse'!$B$14,Y16*'Calcul & synthèse'!$B$15)) | T16: =IF(A16="","",IF(AG16="Éligible",S16,0)) | U16: =IF(A16="","",IFERROR(VLOOKUP(L16,'Calcul & synthèse'!$B$8:$C$10,2,FALSE),0)) | V16: =IF(A16="","",T16*U16) | W16: =IF(A16="","",IFERROR(V16/L16,0)) | Z16: =IF(A16="","",IFERROR(X16/Y16,0)) | AD16: =IF(A16="","",IF(R16>='Calcul & synthèse'!$B$13,"Oui","Non")) | AE16: =IF(A16="","",IF(Z16<=AA16,"Oui","Non")) | AF16: =IF(A16="","",IF(AC16<=AB16,"Oui","Non")) | AG16: =IF(A16="","",IF(AND(H16="Oui",AD16="Oui",AE16="Oui",AF16="Oui",K16="Nue"),"Éligible","À vérifier"))
Q17: =IF(A17="","",SUM(M17:P17)) | R17: =IF(A17="","",IFERROR(O17/Q17,0)) | S17: =IF(A17="","",MIN(Q17,'Calcul & synthèse'!$B$14,Y17*'Calcul & synthèse'!$B$15)) | T17: =IF(A17="","",IF(AG17="Éligible",S17,0)) | U17: =IF(A17="","",IFERROR(VLOOKUP(L17,'Calcul & synthèse'!$B$8:$C$10,2,FALSE),0)) | V17: =IF(A17="","",T17*U17) | W17: =IF(A17="","",IFERROR(V17/L17,0)) | Z17: =IF(A17="","",IFERROR(X17/Y17,0)) | AD17: =IF(A17="","",IF(R17>='Calcul & synthèse'!$B$13,"Oui","Non")) | AE17: =IF(A17="","",IF(Z17<=AA17,"Oui","Non")) | AF17: =IF(A17="","",IF(AC17<=AB17,"Oui","Non")) | AG17: =IF(A17="","",IF(AND(H17="Oui",AD17="Oui",AE17="Oui",AF17="Oui",K17="Nue"),"Éligible","À vérifier"))
Q18: =IF(A18="","",SUM(M18:P18)) | R18: =IF(A18="","",IFERROR(O18/Q18,0)) | S18: =IF(A18="","",MIN(Q18,'Calcul & synthèse'!$B$14,Y18*'Calcul & synthèse'!$B$15)) | T18: =IF(A18="","",IF(AG18="Éligible",S18,0)) | U18: =IF(A18="","",IFERROR(VLOOKUP(L18,'Calcul & synthèse'!$B$8:$C$10,2,FALSE),0)) | V18: =IF(A18="","",T18*U18) | W18: =IF(A18="","",IFERROR(V18/L18,0)) | Z18: =IF(A18="","",IFERROR(X18/Y18,0)) | AD18: =IF(A18="","",IF(R18>='Calcul & synthèse'!$B$13,"Oui","Non")) | AE18: =IF(A18="","",IF(Z18<=AA18,"Oui","Non")) | AF18: =IF(A18="","",IF(AC18<=AB18,"Oui","Non")) | AG18: =IF(A18="","",IF(AND(H18="Oui",AD18="Oui",AE18="Oui",AF18="Oui",K18="Nue"),"Éligible","À vérifier"))
Q19: =IF(A19="","",SUM(M19:P19)) | R19: =IF(A19="","",IFERROR(O19/Q19,0)) | S19: =IF(A19="","",MIN(Q19,'Calcul & synthèse'!$B$14,Y19*'Calcul & synthèse'!$B$15)) | T19: =IF(A19="","",IF(AG19="Éligible",S19,0)) | U19: =IF(A19="","",IFERROR(VLOOKUP(L19,'Calcul & synthèse'!$B$8:$C$10,2,FALSE),0)) | V19: =IF(A19="","",T19*U19) | W19: =IF(A19="","",IFERROR(V19/L19,0)) | Z19: =IF(A19="","",IFERROR(X19/Y19,0)) | AD19: =IF(A19="","",IF(R19>='Calcul & synthèse'!$B$13,"Oui","Non")) | AE19: =IF(A19="","",IF(Z19<=AA19,"Oui","Non")) | AF19: =IF(A19="","",IF(AC19<=AB19,"Oui","Non")) | AG19: =IF(A19="","",IF(AND(H19="Oui",AD19="Oui",AE19="Oui",AF19="Oui",K19="Nue"),"Éligible","À vérifier"))
Q20: =IF(A20="","",SUM(M20:P20)) | R20: =IF(A20="","",IFERROR(O20/Q20,0)) | S20: =IF(A20="","",MIN(Q20,'Calcul & synthèse'!$B$14,Y20*'Calcul & synthèse'!$B$15)) | T20: =IF(A20="","",IF(AG20="Éligible",S20,0)) | U20: =IF(A20="","",IFERROR(VLOOKUP(L20,'Calcul & synthèse'!$B$8:$C$10,2,FALSE),0)) | V20: =IF(A20="","",T20*U20) | W20: =IF(A20="","",IFERROR(V20/L20,0)) | Z20: =IF(A20="","",IFERROR(X20/Y20,0)) | AD20: =IF(A20="","",IF(R20>='Calcul & synthèse'!$B$13,"Oui","Non")) | AE20: =IF(A20="","",IF(Z20<=AA20,"Oui","Non")) | AF20: =IF(A20="","",IF(AC20<=AB20,"Oui","Non")) | AG20: =IF(A20="","",IF(AND(H20="Oui",AD20="Oui",AE20="Oui",AF20="Oui",K20="Nue"),"Éligible","À vérifier"))
Q21: =IF(A21="","",SUM(M21:P21)) | R21: =IF(A21="","",IFERROR(O21/Q21,0)) | S21: =IF(A21="","",MIN(Q21,'Calcul & synthèse'!$B$14,Y21*'Calcul & synthèse'!$B$15)) | T21: =IF(A21="","",IF(AG21="Éligible",S21,0)) | U21: =IF(A21="","",IFERROR(VLOOKUP(L21,'Calcul & synthèse'!$B$8:$C$10,2,FALSE),0)) | V21: =IF(A21="","",T21*U21) | W21: =IF(A21="","",IFERROR(V21/L21,0)) | Z21: =IF(A21="","",IFERROR(X21/Y21,0)) | AD21: =IF(A21="","",IF(R21>='Calcul & synthèse'!$B$13,"Oui","Non")) | AE21: =IF(A21="","",IF(Z21<=AA21,"Oui","Non")) | AF21: =IF(A21="","",IF(AC21<=AB21,"Oui","Non")) | AG21: =IF(A21="","",IF(AND(H21="Oui",AD21="Oui",AE21="Oui",AF21="Oui",K21="Nue"),"Éligible","À vérifier"))
Q22: =IF(A22="","",SUM(M22:P22)) | R22: =IF(A22="","",IFERROR(O22/Q22,0)) | S22: =IF(A22="","",MIN(Q22,'Calcul & synthèse'!$B$14,Y22*'Calcul & synthèse'!$B$15)) | T22: =IF(A22="","",IF(AG22="Éligible",S22,0)) | U22: =IF(A22="","",IFERROR(VLOOKUP(L22,'Calcul & synthèse'!$B$8:$C$10,2,FALSE),0)) | V22: =IF(A22="","",T22*U22) | W22: =IF(A22="","",IFERROR(V22/L22,0)) | Z22: =IF(A22="","",IFERROR(X22/Y22,0)) | AD22: =IF(A22="","",IF(R22>='Calcul & synthèse'!$B$13,"Oui","Non")) | AE22: =IF(A22="","",IF(Z22<=AA22,"Oui","Non")) | AF22: =IF(A22="","",IF(AC22<=AB22,"Oui","Non")) | AG22: =IF(A22="","",IF(AND(H22="Oui",AD22="Oui",AE22="Oui",AF22="Oui",K22="Nue"),"Éligible","À vérifier"))
Q23: =IF(A23="","",SUM(M23:P23)) | R23: =IF(A23="","",IFERROR(O23/Q23,0)) | S23: =IF(A23="","",MIN(Q23,'Calcul & synthèse'!$B$14,Y23*'Calcul & synthèse'!$B$15)) | T23: =IF(A23="","",IF(AG23="Éligible",S23,0)) | U23: =IF(A23="","",IFERROR(VLOOKUP(L23,'Calcul & synthèse'!$B$8:$C$10,2,FALSE),0)) | V23: =IF(A23="","",T23*U23) | W23: =IF(A23="","",IFERROR(V23/L23,0)) | Z23: =IF(A23="","",IFERROR(X23/Y23,0)) | AD23: =IF(A23="","",IF(R23>='Calcul & synthèse'!$B$13,"Oui","Non")) | AE23: =IF(A23="","",IF(Z23<=AA23,"Oui","Non")) | AF23: =IF(A23="","",IF(AC23<=AB23,"Oui","Non")) | AG23: =IF(A23="","",IF(AND(H23="Oui",AD23="Oui",AE23="Oui",AF23="Oui",K23="Nue"),"Éligible","À vérifier"))
... Q101: =IF(A101="","",SUM(M101:P101)) | R101: =IF(A101="","",IFERROR(O101/Q101,0)) | S101: =IF(A101="","",MIN(Q101,'Calcul & synthèse'!$B$14,Y101*'Calcul & synthèse'!$B$15)) | T101: =IF(A101="","",IF(AG101="Éligible",S101,0)) | U101: =IF(A101="","",IFERROR(VLOOKUP(L101,'Calcul & synthèse'!$B$8:$C$10,2,FALSE),0)) | V101: =IF(A101="","",T101*U101) | W101: =IF(A101="","",IFERROR(V101/L101,0)) | Z101: =IF(A101="","",IFERROR(X101/Y101,0)) | AD101: =IF(A101="","",IF(R101>='Calcul & synthèse'!$B$13,"Oui","Non")) | AE101: =IF(A101="","",IF(Z101<=AA101,"Oui","Non")) | AF101: =IF(A101="","",IF(AC101<=AB101,"Oui","Non")) | AG101: =IF(A101="","",IF(AND(H101="Oui",AD101="Oui",AE101="Oui",AF101="Oui",K101="Nue"),"Éligible","À vérifier"))

Sheet Calcul & synthèse
A1: Calcul du dispositif Denormandie — Synthèse 2026
E3: Indicateur | F3: Valeur
E4: Réduction d’impôt totale estimée | F4: =SUM('Investissements'!$V$2:$V$101)
E5: Réduction annuelle moyenne | F5: =IFERROR(AVERAGE('Investissements'!$W$2:$W$101),0)
E6: Coût moyen des projets | F6: =IFERROR(AVERAGE('Investissements'!$Q$2:$Q$101),0)
A7: Table de correspondance | B7: Durée | C7: Taux métropole | E7: Part moyenne des travaux | F7: =IFERROR(AVERAGE('Investissements'!$R$2:$R$101),0)
A8: Taux métropole 6 ans | B8: 6 | C8: 0.12 | E8: Nombre de projets éligibles | F8: =COUNTIF('Investissements'!$AG$2:$AG$101,"Éligible")
A9: Taux métropole 9 ans | B9: 9 | C9: 0.18 | E9: Loyer mensuel moyen | F9: =IFERROR(AVERAGE('Investissements'!$X$2:$X$101),0)
A10: Taux métropole 12 ans | B10: 12 | C10: 0.21 | E10: Total des travaux éligibles | F10: =SUM('Investissements'!$O$2:$O$101)
A12: Paramètres réglementaires modifiables | B12: Valeur
A13: Part minimale de travaux | B13: 0.25
A14: Plafond annuel d’investissement | B14: 300000
A15: Plafond de réduction par m² | B15: 5500
A16: Prélèvements sociaux indicatifs | B16: 0.172
A17: Taux indicatifs outre-mer | B17: Valeur
A18: Taux outre-mer 6 ans | B18: 0.23
A19: Taux outre-mer 9 ans | B19: 0.29
A20: Taux outre-mer 12 ans | B20: 0.32
A23: Répartition des statuts | B23: Nombre de projets
A24: Éligible | B24: =COUNTIF('Investissements'!$AG$2:$AG$101,"Éligible")
A25: À vérifier | B25: =COUNTIF('Investissements'!$AG$2:$AG$101,"À vérifier")

Sheet Instructions
A1: Mode d’emploi — Estimation Denormandie
A3: Rubrique | B3: Explication
A4: Principe Denormandie | B4: Le dispositif vise l’acquisition d’un logement ancien avec travaux, suivie d’une mise en location nue sous engagement de durée.
A5: Travaux | B5: Les travaux doivent représenter au moins 25 % du coût total de l’opération selon le paramètre modifiable de la feuille « Calcul & synthèse ».
A6: Engagement de location | B6: La durée d’engagement prise en compte est de 6, 9 ou 12 ans. Les taux métropole indicatifs associés sont de 12 %, 18 % et 21 %.
A7: Plafonds d’investissement | B7: L’estimation applique un plafond annuel d’investissement de 300 000 € et une limite de 5 500 € par m², tous deux modifiables dans les paramètres.
A8: Saisie des projets | B8: Renseignez ou modifiez les cellules jaunes de la feuille « Investissements ». Les cellules non jaunes contiennent des calculs automatiques et ne nécessitent pas de saisie.
A9: Contrôles automatiques | B9: Le classeur signale en rouge une part de travaux insuffisante, un coût supérieur au plafond retenu ou une location meublée. Les résultats positifs apparaissent en vert.
A10: Vérifications 2026 | B10: Les plafonds de loyers, ressources, communes éligibles, dates applicables et conditions locales doivent être vérifiés selon la réglementation 2026 avant toute décision.
A11: Avertissement | B11: Ce fichier fournit une estimation indicative. Il ne remplace pas une validation fiscale, notariale, administrative ou le conseil d’un professionnel compétent.
